 Dungeon Crawl Stone Soup version 0.26.0-10-g1f06aea511 (webtiles) character file.

Game seed: 13553693774025227222

15561 dracos369 the Gouger (level 12, -9/54 HPs)
             Began as a Felid Enchanter on Jan 17, 2021.
             Was a High Priest of Wu Jian.
             Mangled by a komodo dragon (28 damage)
             ... on level 2 of the Lair of Beasts on Jan 20, 2021.
             The game lasted 01:07:32 (14422 turns).

dracos369 the Gouger (Felid Enchanter)             Turns: 14422, Time: 01:07:35

Health: -9/54      AC:  7    Str:  6    XL:     12   Next: 2%
Magic:  14/19      EV: 20    Int: 19    God:    Wu Jian [*****.]
Gold:   853        SH:  0    Dex: 17    Spells: 3/19 levels left
                                        Lives:  0   Deaths: 3

rFire    . . .     SeeInvis +     - Unarmed
rCold    + . .     Faith    .   (shield unavailable)
rNeg     . . .     Spirit   .   (armour unavailable)
rPois    +         Reflect  .   (helmet unavailable)
rElec    .         Harm     .   (cloak unavailable)
rCorr    .         Rampage  .   (gloves unavailable)
Will     +....                  (boots unavailable)
Stlth    +++++.....             j - amulet of regeneration
HPRegen  0.58/turn              I - ring of poison resistance
MPRegen  0.16/turn              y - +4 ring of protection

@: quick
A: very small, no armour, no weapons or thrown items, stealth, claws 1, fangs 3,
see invisible, speed 1, shaggy fur 3, sharp paws
a: Renounce Religion, Wall Jump, Serpent's Lash, Heavenly Storm


You were on level 2 of the Lair of Beasts.
You worshipped Wu Jian.
Wu Jian was extremely pleased with you.
You visited 3 branches of the dungeon, and saw 15 of its levels.
You also visited: Sewer and Volcano.

You collected 1133 gold pieces.
You spent 280 gold pieces at shops.

Inventory:

Jewellery
 b - a +6 ring of dexterity
 d - an uncursed ring of protection from fire
 j - an amulet of regeneration (around neck)
 o - a +6 ring of intelligence
 r - a cursed amulet of inaccuracy {unknown}
 v - an uncursed amulet of reflection {unknown}
 y - a +4 ring of protection (right paw)
 I - a ring of poison resistance (left paw)
Wands
 p - a wand of disintegration (3)
 z - a wand of digging (6)
 C - a wand of flame (9)
 D - a wand of polymorph (7)
 H - a wand of iceblast (8)
 K - a wand of enslavement (9)
Scrolls
 a - 3 scrolls of magic mapping
 g - 6 scrolls of teleportation
 h - 2 scrolls of random uselessness {unknown}
 i - 2 scrolls of noise {unknown}
 k - 4 scrolls of remove curse
 n - 3 scrolls of enchant weapon {unknown}
 u - 4 scrolls of amnesia
 A - 3 scrolls of acquirement {unknown}
 G - a scroll of immolation {unknown}
 J - 2 scrolls of blinking {unknown}
Potions
 c - a potion of lignification
 e - 5 potions of mutation
 f - a potion of might {unknown}
 l - 2 potions of cancellation
 m - a potion of attraction
 q - 4 potions of resistance
 s - 6 potions of curing
 t - a potion of invisibility {unknown}
 w - 9 potions of flight
 x - a potion of berserk rage {unknown}
 E - 2 potions of haste
Miscellaneous
 B - a phantom mirror
 F - a condenser vane


   Skills:
 - Level 7.0 Fighting
 + Level 5.0 Dodging
 - Level 10.0 Stealth
 * Level 13.3 Unarmed Combat
 - Level 4.0 Spellcasting
 + Level 6.3 Conjurations
 - Level 10.0 Hexes
 - Level 4.0 Ice Magic
 + Level 6.7 Evocations


You had 3 spell levels left.
You knew the following spells:

 Your Spells              Type           Power        Failure   Level
a - Magic Dart            Conj           100%         1%          1
b - Blink                 Tloc           N/A          21%         2
c - Confusing Touch       Hex            41%          1%          3
d - Tukima's Dance        Hex            41%          1%          3
e - Ensorcelled Hibernat  Hex/Ice        60%          1%          2
w - Wereblood             Tmut           3%           21%         2
z - Dazzling Flash        Conj/Hex       68%          1%          3

Your spell library contained the following spells:

 Spells                   Type           Power        Failure   Level
 Corona                   Hex            45%          1%          1
 Slow                     Hex            41%          1%          2
 Inner Flame              Hex/Fire       22%          5%          3
 Conjure Flame            Conj/Fire      15%          12%         3
 Beastly Appendage        Tmut           6%           14%         1
 Mephitic Cloud           Conj/Pois/Air  11%          17%         3
 Call Imp                 Summ           3%           21%         2
 Gell's Gravitas          Tloc           1%           38%         3
 Spider Form              Tmut/Pois      1%           38%         3
 Cause Fear               Hex            20%          2%          4
 Leda's Liquefaction      Hex/Erth       11%          17%         4
 Metabolic Englaciation   Hex/Ice        15%          22%         5
 Iskenderun's Battlesphe  Conj           27%          28%         5
 Yara's Violent Unravell  Hex/Tmut       11%          43%         5
 Ice Form                 Ice/Tmut       11%          52%         4
 Petrify                  Tmut/Erth      3%           80%         4
 Bolt of Magma            Conj/Fire/Erth 5%           85%         5
 Blade Hands              Tmut           1%           98%         5
 Iron Shot                Conj/Erth      7%           99%         6
 Orb of Destruction       Conj           13%          100%        7
 Spellforged Servitor     Conj/Summ      7%           100%        7
 Portal Projectile        Hex/Tloc       Unusable     N/A         3

Dungeon Overview and Level Annotations

Branches:
Dungeon (11/15)            Temple (1/1) D:7            Lair (3/6) D:9
  Sewer (visited)         Volcano (visited)
  Swamp: Lair:2-4    Shoals: Lair:2-4     Snake: Lair:2-4    Spider: Lair:2-4
    Orc: D:9-12

Altars:
Ashenzari
Cheibriados
Dithmenos
Elyvilon
Fedhas
Gozag
Hepliaklqana
Kikubaaqudgha
Makhleb
Nemelex Xobeh
Okawaru
Qazlal
Ru
Sif Muna
Trog
Uskayaw
Vehumet
Wu Jian
Xom
Yredelemnul
Zin
The Shining One
Lugonu

Shops:
D:7 !

Annotations:
D:7 1 runed translucent door
D:9 2 transporters, Trampli's ghost, novice TrWz


Innate Abilities, Weirdness & Mutations

You cannot wear armour.
You are incapable of wielding weapons or throwing items.
Your paws allow you to move quietly. (Stealth)
You have sharp claws.
You have razor-sharp teeth.
You have supernaturally acute eyesight. (SInv)
You cover ground quickly.
Your thick and shaggy fur keeps you warm. (AC +3, rC+)
Your sharp claws are effective at attacking unaware monsters.


Message History

Aiming: Ensorcelled Hibernation (safe; 1% risk of failure)
Press: ? - help, Shift-Dir - straight line, f - komodo dragon
Aim: a komodo dragon (chance to affect: 41%)
The komodo dragon resists with some effort.
The komodo dragon bites you!
* * * LOW HITPOINT WARNING * * *
Casting: Ensorcelled Hibernation (safe; 1% risk of failure)
Confirm with . or Enter, or press ? or * to list all spells.
Aiming: Ensorcelled Hibernation (safe; 1% risk of failure)
Press: ? - help, Shift-Dir - straight line, f/p - komodo dragon
Aim: a komodo dragon (chance to affect: 41%)
The komodo dragon resists with some effort.
Aiming: Wall Jump
Press: ? - help, Dir - move target, p - komodo dragon You repeatedly attack the komodo dragon from above.
You barely miss the komodo dragon. You claw the komodo dragon!
The komodo dragon is moderately wounded.
The komodo dragon bites you!!
Ouch! That really hurt!
You die...

#.D# #.#P###### #
##...####.....#.# #
#...#...>......##
#...............# #
##...............## #
#................P#### #
###...............###.# #
#......○○°.......####.# #
.....#.l@°.......#....###
P.......○○○.>.......>....#
......#..........##.......
....##..#P........##..#...
.... #############....###.
.. ##......#. . #.#####...
### #.[. ##..


You could see a komodo dragon.

Vanquished Creatures
  Snorg (Lair:3)
  A hydra (Lair:3)
  A centaur warrior (D:10)
  2 two-headed ogres (D:8)
  A skeletal warrior (Volcano)
  3 anaconda skeletons (Volcano)
  2 black mambas (Lair:1)
  A torpor snail (Lair:3)
  4 gargoyles (Volcano)
  6 cane toads
  3 komodo dragons
  3 trolls
  2 harpy skeletons (Volcano)
  Sigmund (D:2)
  3 flying skulls (Volcano)
  2 alligator skeletons (Volcano)
  10 yaks
  A wyvern (Lair:2)
  Grum (D:9)
  2 basilisks
  A swamp worm (Lair:3)
  An orc warrior (D:10)
  2 water moccasins (Lair:2)
  2 black bears
  2 eyes of draining
  4 ice beasts
  4 ogres
  5 phantoms
  4 sky beasts
  14 wolves
  A necrophage (D:8)
  5 centaurs
  11 bullfrogs
  7 scorpions
  18 killer bees
  A troll skeleton (Volcano)
  2 vampire bats (D:9)
  5 wights (D:11)
  A spriggan skeleton (Volcano)
  4 electric eels (D:9)
  A crimson imp (D:4)
  3 centaur zombies
  2 centaur skeletons
  5 jellies
  5 orc priests
  A bullfrog skeleton (D:6)
  7 hounds
  9 orc wizards
  Jessica (D:2)
  2 iguanas
  10 worker ants
  Terence (D:3)
  A hound zombie (D:6)
  A hound skeleton (D:4)
  A howler monkey skeleton (D:4)
  6 gnolls
  15 adders
  A shadow imp (D:8)
  3 white imps
  2 ufetubi
  2 oozes (D:3)
  3 worms (D:2)
  2 dart slugs
  7 leopard geckos
  40 orcs
  4 ball pythons
  4 bats
  A bat skeleton (D:9)
  5 bat zombies (D:9)
  20 giant cockroaches
  13 goblins
  10 hobgoblins
  4 jackals (D:10)
  10 kobolds
  5 quokkas
  5 frilled lizards
  2 goblin zombies (D:4)
  3 hobgoblin zombies (D:4)
  2 kobold skeletons (D:4)
  2 kobold zombies (D:4)
  A leopard gecko skeleton (D:4)
  An orc skeleton (D:4)
  An orc zombie (D:4)
  A quokka zombie (D:7)
  4 rats
373 creatures vanquished.

Vanquished Creatures (collateral kills)
  A spriggan skeleton (Volcano)
  A troll skeleton (Volcano)
2 creatures vanquished.

Vanquished Creatures (others)
  A fungus (Lair:2)
  A plant (Lair:2)
2 creatures vanquished.

Grand Total: 377 creatures vanquished

Notes
Turn   | Place    | Note
-------+----------+-------------------------------------------
     0 | D:1      | dracos369 the Felid Enchanter began the quest for the Orb.
     0 | D:1      | Reached XP level 1. HP: 7/7 MP: 4/4
   344 | D:1      | Reached skill level 2 in Unarmed Combat
   532 | D:1      | Reached XP level 2. HP: 7/11 MP: 6/6
   535 | D:1      | Learned a level 2 spell: Ensorcelled Hibernation
  1463 | D:2      | Found a shimmering blue altar of Sif Muna.
  1496 | D:2      | Reached XP level 3. HP: 14/14 MP: 5/7
  1524 | D:2      | Learned a level 3 spell: Confusing Touch
  1592 | D:2      | Noticed Jessica
  1595 | D:2      | Killed Jessica
  1596 | D:2      | Reached skill level 1 in Ice Magic
  1602 | D:2      | Reached skill level 5 in Hexes
  1923 | D:2      | Noticed Sigmund
  1927 | D:2      | Reached XP level 4. HP: 18/18 MP: 8/8
  1956 | D:2      | Killed Sigmund
  1957 | D:2      | Reached XP level 5. HP: 18/21 MP: 7/9
  2270 | D:3      | Found a glowing drain.
  2283 | D:3      | Gained mutation: You are covered in thick fur. (AC +2)
                  | [Felid growth]
  2283 | D:3      | Reached XP level 6. HP: 12/24 MP: 6/10
  2315 | D:3      | Killed from afar by an orc priest
  2316 | D:3      | Reached XP level 5. HP: -11/21 MP: 6/9
  2398 | Sewer    | Entered a sewer
  2954 | Sewer    | Reached skill level 3 in Unarmed Combat
  2954 | Sewer    | Reached XP level 6. HP: 23/24 MP: 2/10
  3258 | D:3      | Noticed Terence
  3267 | D:3      | Killed Terence
  3303 | D:3      | Found a blossoming altar of Fedhas.
  3537 | D:3      | Learned a level 3 spell: Tukima's Dance
  3544 | D:3      | Found an opulent altar of Gozag.
  3777 | D:2      | Found an ornate altar of the Wu Jian Council.
  3784 | D:2      | Became a worshipper of the Wu Jian Council
  4585 | D:4      | Found a glowing golden altar of the Shining One.
  4604 | D:4      | Reached * piety under Wu Jian
  4711 | D:4      | Reached skill level 4 in Unarmed Combat
  4716 | D:4      | Reached XP level 7. HP: 24/27 MP: 2/11
  5165 | D:5      | Entered Level 5 of the Dungeon
  5230 | D:5      | Learned a level 2 spell: Blink
  5260 | D:5      | Reached ** piety under Wu Jian
  5412 | D:5      | Reached skill level 5 in Stealth
  5418 | D:5      | Reached skill level 1 in Fighting
  5570 | D:5      | Reached skill level 5 in Unarmed Combat
  6132 | D:4      | Found a basalt altar of Yredelemnul.
  6155 | D:4      | Reached XP level 8. HP: 30/32 MP: 0/12
  6246 | D:4      | Found a bloodstained altar of Trog.
  6295 | D:4      | Found a white marble altar of Elyvilon.
  6325 | D:4      | Killed from afar by an orc priest
  6326 | D:4      | Reached XP level 7. HP: -9/28 MP: 0/11
  6793 | D:6      | Reached skill level 6 in Unarmed Combat
  7027 | D:6      | Reached XP level 8. HP: 34/34 MP: 9/12
  7392 | D:7      | Found a runed translucent door.
  7393 | D:7      | Noticed a sixfirhy
  7442 | D:7      | Found Miexotao's Distillery.
  7502 | D:7      | Bought a potion of curing for 42 gold pieces
  7502 | D:7      | Bought a potion of curing for 42 gold pieces
  7502 | D:7      | Bought a potion of lignification for 42 gold pieces
  7502 | D:7      | Bought a potion of flight for 42 gold pieces
  7502 | D:7      | Bought a potion of lignification for 42 gold pieces
  7502 | D:7      | Bought a potion of heal wounds for 70 gold pieces
  7734 | D:7      | Found a staircase to the Ecumenical Temple.
  7745 | D:7      | Reached skill level 7 in Unarmed Combat
  7781 | D:7      | Reached *** piety under Wu Jian
  8181 | Temple   | Entered the Ecumenical Temple
  8304 | D:8      | Found a shadowy altar of Dithmenos.
  8307 | D:8      | Reached skill level 10 in Hexes
  8320 | D:8      | Reached XP level 9. HP: 36/39 MP: 9/13
  8322 | D:8      | Found a sacrificial altar of Ru.
  8419 | D:8      | Noticed a two-headed ogre
  8440 | D:8      | Killed a two-headed ogre
  8441 | D:8      | Reached skill level 8 in Unarmed Combat
  8538 | D:8      | Learned a level 3 spell: Dazzling Flash
  8656 | D:8      | Found a glowing silver altar of Zin.
  8791 | D:8      | Noticed a two-headed ogre
  8793 | D:8      | Killed a two-headed ogre
  8794 | D:8      | Reached skill level 5 in Fighting
  8794 | D:8      | Reached skill level 9 in Unarmed Combat
  8794 | D:8      | Reached XP level 10. HP: 44/44 MP: 16/16
  8802 | D:8      | Found a hide-covered altar of Uskayaw.
  8898 | D:8      | Found a hazy altar of Hepliaklqana.
  9151 | D:9      | Noticed Grum
  9260 | D:9      | Found a staircase to the Lair.
  9389 | D:9      | Found a stormy altar of Qazlal.
  9421 | D:9      | Killed Grum
  9547 | D:9      | Found a transporter.
  9547 | D:9      | Noticed Trampli's ghost (novice TrWz)
  9548 | D:9      | Found a transporter.
  9623 | D:9      | Learned a level 1 spell: Magic Dart
  9784 | D:9      | Reached skill level 1 in Conjurations
  9785 | D:9      | Found a snail-covered altar of Cheibriados.
  9858 | D:9      | Reached **** piety under Wu Jian
  9859 | D:9      | Reached skill level 10 in Stealth
 10107 | D:9      | Reached skill level 10 in Unarmed Combat
 10167 | D:9      | Found an ancient bone altar of Kikubaaqudgha.
 10585 | D:10     | Entered Level 10 of the Dungeon
 10924 | D:10     | Reached ***** piety under Wu Jian
 11487 | D:10     | Reached XP level 11. HP: 49/49 MP: 14/18
 11532 | D:10     | Noticed a centaur warrior
 11540 | D:10     | Killed a centaur warrior
 11541 | D:10     | Reached skill level 1 in Evocations
 11914 | Lair:1   | Entered Level 1 of the Lair of Beasts
 11958 | Lair:1   | Reached skill level 11 in Unarmed Combat
 11972 | Lair:1   | Found a dark tunnel.
 11979 | Lair:1   | Learned a level 2 spell: Wereblood
 11980 | Volcano  | Entered a volcano
 12134 | Volcano  | HP: 1/75 [anaconda skeleton (7)]
 12134 | Volcano  | Slain by an anaconda skeleton
 12135 | Volcano  | Reached XP level 10. HP: -2/70 MP: 11/17
 12303 | Volcano  | Noticed a skeletal warrior
 12333 | Volcano  | Killed a skeletal warrior
 12383 | Volcano  | Noticed a skeletal warrior
 12419 | Volcano  | Noticed a gargoyle
 12421 | Volcano  | Killed a gargoyle
 12439 | Volcano  | Reached skill level 12 in Unarmed Combat
 12444 | Volcano  | Noticed a gargoyle
 12449 | Volcano  | Reached XP level 11. HP: 9/50 MP: 13/18
 12877 | Lair:1   | Reached skill level 5 in Conjurations
 12981 | Lair:1   | Reached skill level 5 in Evocations
 14135 | Lair:2   | Noticed a seven-headed hydra
 14141 | Lair:3   | Noticed Snorg
 14147 | Lair:3   | Killed Snorg
 14148 | Lair:3   | Reached skill level 13 in Unarmed Combat
 14159 | Lair:3   | Noticed a five-headed hydra
 14272 | Lair:3   | Noticed a four-headed hydra
 14300 | Lair:3   | Killed a four-headed hydra
 14401 | Lair:3   | Reached skill level 5 in Dodging
 14401 | Lair:3   | Gained mutation: Your thick and shaggy fur keeps you warm.
                  | (AC +3, rC+) [Felid growth]
 14401 | Lair:3   | Reached XP level 12. HP: 25/54 MP: 15/19
 14422 | Lair:2   | Mangled by a komodo dragon

Illustrated notes

Levels and vault maps discovered:
D:1:      lightli_arrival_boilingwater, layout_loops_corners
D:2:      layout_rooms, nzn_wu_jian_council_hall, lemuel_blue_sif_altar,
          roderic_lattice_a, minmay_octomino_e4, uniq_jessica, uniq_sigmund
D:3:      layout_rooms, lemuel_round_altar, general_overflow_altar,
          portal_sewer_entry_a, uniq_terence
D:4:      layout_cave_pools, bloody_trog, lemuel_round_altar,
          nicolae_overflow_hidden_temple, nicolae_tso_besieged_by_evil
D:5:      layout_basic
D:6:      layout_basic, serial_glass, glass_columns_c, glass_columns_a,
          glass_columns_a, glass_columns_a, glass_columns_c, glass_columns_a,
          glass_columns_a, glass_columns_b, glass_columns_c, glass_columns_c,
          glass_columns_a, glass_columns_c, glass_columns_c, glass_columns_a,
          minmay_misc_feat_plants
D:7:      cheibrodos_shockbox, layout_rooms, minmay_temple_entry_mist,
          serial_shops, nicolae_shop_stone
D:8:      layout_loops_ring, nzn_hepliaklqana_mist_gate, marbit_many_paths,
          nicolae_overflow_crystal_walls, kennysheep_mini_moat, zin_treasury,
          minmay_checkerbox
D:9:      layout_loops_ring, old_standard_altar, lemuel_doored_altar,
          kennysheep_vampire_church, erik_lair_island, gammafunk_ghost_hive,
          hangedman_corner_corridor, uniq_grum
D:10:     layout_cave_pools
D:11:     layout_basic, david_orc_3
Temple:   corrupted_temple
Lair:1:   layout_cave_shapes, nicolae_volcano_entry_lava_flow
Lair:2:   layout_cave_pods, beast_lair_carwin_7, lemuel_fruit_tree,
          grunt_megastairs_4, minmay_lair_oklob_chamber,
          infiniplex_staircase_pool_2
Lair:3:   layout_hall_layers, palyth_hydra_swamp_entry, st_stairs_11,
          grunt_megastairs_3, uniq_snorg

Skill      XL: |  1  2  3  4  5  6  7  8  9 10 11 |
---------------+----------------------------------+-----
Unarmed Combat | 2 3 4 6 7 9 12 13 | 13.3
Dodging        | 4 5 |  5.0
Ice Magic      | 1 2 3 4 |  4.0
Hexes          | 5 6 7 9 10 | 10.0
Stealth        | 6 7 9 10 | 10.0
Fighting       | 2 3 5 6 7 |  7.0
Spellcasting   | 3 4 |  4.0
Conjurations   | 2 6 |  6.3
Evocations     | 4 6 |  6.7

Action                   |  1- 3 |  4- 6 |  7- 9 | 10-12 || total
-------------------------+-------+-------+-------+-------++-------
Melee: Unarmed           |    69 |   213 |   232 |   358 ||   872
       Bite              |     4 |    13 |    14 |    33 ||    64
       Punch             |       |     2 |     4 |    15 ||    21
 Cast: Corona            |     1 |       |       |       ||     1
       Ensorcelled Hiber |    11 |    62 |    73 |   108 ||   254
       Confusing Touch   |       |     7 |     9 |    19 ||    35
       Dazzling Flash    |       |       |       |    10 ||    10
       Magic Dart        |       |       |       |     8 ||     8
Invok: Lunge             |       |    13 |    49 |    60 ||   122
       Whirlwind         |       |       |    11 |    57 ||    68
 Abil: Wall Jump         |       |       |     1 |     5 ||     6
Evoke: Wand              |       |       |       |    16 ||    16
       Phantom mirror    |       |       |       |     1 ||     1
       Condenser vane    |       |       |       |     1 ||     1
  Use: Potion            |       |     3 |     4 |     6 ||    13
       Scroll            |       |     7 |     3 |     3 ||    13
 Stab: Sleeping          |    16 |    51 |    75 |    97 ||   239
       Distracted        |     1 |       |       |       ||     1
       Confused          |       |     7 |    11 |    14 ||    32
       Invisible         |       |       |       |    11 ||    11
Armor: Skin              |     3 |     6 |    66 |    39 ||   114
Dodge: Dodged            |    43 |   171 |   129 |   318 ||   661
